Map: Eternal Empire LE

Players

rorschach - Winner!

  • Race: Terran Terran
  • League: Platinum
  • Spawn Location: 7:00

boultan

  • Race: Protoss Protoss
  • League: Platinum
  • Spawn Location: 1:00

VOD

Have the link to the VOD?

Description

Time

  • Played on: June 11, 2020, 3:21 a.m.
  • Length: 7:01
Show
View Real Time Build Order
Export as new Build Order

rorschach Terran - Winner!

Build Orders:  

Get SALT Encoding   

  12  0:01  SCV  
  13  0:16  Supply Depot  
  13  0:19  SCV  
  14  0:31  SCV  
  15  0:39  Barracks  
  15  0:47  Supply Depot  
  15  0:58  Barracks  
  15  1:10  Barracks  
  15  1:25  Barracks  
  15  1:37  Orbital Command  
  15  1:43  Marine  
  15  1:46  Marine  
  17  2:01  Marine  
  18  2:02  Marine  
  18  2:05  SCV  
  20  2:08  Marine  
  20  2:13  Marine  
  22  2:18  SCV  
  22  2:19  Marine  
  22  2:20  Marine  
  25  2:26  Marine  
  26  2:30  Marine, Supply Depot  
  26  2:37  Marine  
  27  2:40  Marine  
  29  2:45  Marine  
  29  2:47  Supply Depot  
  29  2:50  Marine  
  31  2:56  Marine  
  31  2:57  Marine  
  33  3:03  Marine  
  33  3:08  Marine  
  34  3:14  Marine  
  34  3:15  Marine  
  36  3:21  Marine  
  36  3:26  Marine  
  38  3:32  Marine  
  38  3:33  Marine  
  40  3:38  Marine  
  41  3:44  Marine  
  42  3:50  Marine  
  42  3:51  Marine  
  44  3:56  Marine  
  44  4:02  Marine  
  42  4:08  Marine  
  42  4:09  Marine  
  41  4:14  Marine  
  39  4:24  Marine  
  33  4:25  Marine  
  34  4:36  Marine  
  32  4:40  Marine  
  32  4:41  Marine  
  32  4:43  Marine  
  30  4:54  Marine  
  30  4:58  Marine  
  30  4:59  Marine  
  32  5:03  Marine  
  31  5:12  Marine  
  32  5:16  Marine  
  32  5:17  Marine  
  34  5:21  Marine  
  35  5:30  Marine  
  35  5:34  Marine  
  35  5:35  Marine  
  38  5:39  Marine  
  37  5:48  Marine  
  36  5:52  Marine  
  36  5:53  Marine  
  36  5:57  Marine  
  35  6:06  Marine  
  35  6:09  Marine  
  35  6:10  Marine  
  38  6:14  Marine  
  39  6:24  Marine  
  39  6:27  Marine  
  39  6:28  Marine  
  39  6:32  Marine  
  39  6:41  Marine  
Show
View Real Time Build Order
Export as new Build Order

boultan Protoss 

Build Orders:  

Get SALT Encoding   

  1  0:00  Probe  
  12  0:05  Probe  
  14  0:15  Probe  
  15  0:27  Pylon  
  15  0:31  Assimilator  
  15  0:45  Assimilator  
  15  0:49  Gateway  
  15  0:52  Probe  
  16  1:03  Probe  
  17  1:11  Probe  
  18  1:20  Probe  
  19  1:30  Probe  
  20  1:35  Pylon  
  20  1:40  Cybernetics Core  
  20  1:42  Probe  
  21  1:55  Probe  
  22  2:07  Probe  
  23  2:16  Stalker  
  23  2:20  Stargate  
  25  2:23  Robotics Facility  
  25  2:27  Probe  
  26  2:30  Pylon  
  26  2:39  Probe  
  27  2:51  Probe  
  28  3:01  Void Ray  
  28  3:08  Immortal  
  36  3:17  Pylon  
  36  3:39  Immortal  
  36  3:40  Void Ray  
  44  3:55  Pylon  
  26  4:44  Probe  
  20  4:54  Immortal  
  20  4:56  Probe  
  25  5:08  Probe  
  22  5:20  Probe  
  18  6:04  Zealot  
  18  6:09  Pylon  
  19  6:31  Zealot  
Tags
 
Add a new tag
Caveats
  • Supply blocks, unpowered buildings, or Contaminate may cause inaccurate times.
  • Supply counts are checked every 10 seconds.